 Dungeon Crawl Stone Soup version 0.17-a0-1554-g3b847ca (webtiles) character file.

22056 namelastname112 the Slinger (level 12, -4/95 HPs)
             Began as a Mottled Draconian Skald on July 20, 2015.
             Was a High Priest of Okawaru.
             Slain by Snorg (7 damage)
             ... on level 4 of the Lair of Beasts.
             The game lasted 00:39:52 (18589 turns).

namelastname112 the Slinger (DrSk)                 Turns: 18589, Time: 00:39:53

Health: -4/95      AC:  9    Str: 27    XL:     12   Next: 59%
Magic:  15/15      EV: 17    Int: 13    God:    Okawaru [*****.]
Gold:   920        SH:  0    Dex: 15    Spells: 1 memorised, 14 levels left

rFire  . . .     SeeInvis .     a - +1 great sword (elec)
rCold  . . .     Clarity  .     (armour unavailable)
rNeg   . . .     SustAt   .     (no shield)
rPois  .         Gourm    .     (helmet restricted)
rElec  .         Spirit   .     R - +0 cloak {MR+}
rCorr  .         Warding  .     (no gloves)
rMut   .         Stasis   .     (no boots)
MR     +....                    (no amulet)
Stlth  +.........               V - +6 ring of strength
                                g - +6 ring of strength

@: somewhat resistant to hostile enchantments, very unstealthy
A: breathe sticky flame splash, unfitting armour, hooves 1, frail 1, wild magic
1, cold-blooded, AC +8
a: Breathe Sticky Flame, Heroism, Finesse, Renounce Religion


You were on level 4 of the Lair of Beasts.
You worshipped Okawaru.
Okawaru was extremely pleased with you.
You were not hungry.

You visited 3 branches of the dungeon, and saw 16 of its levels.

You collected 920 gold pieces.

Inventory:

Hand weapons
 a - a +1 great sword of electrocution (weapon)
 b - the +1 hunting sling of Wyrd {venom, rF+ Int-3 Dex+4}
   (You acquired it in the Ecumenical Temple)

   It poisons the ammo it fires.
   It affects your intelligence (-3).
   It affects your dexterity (+4).
   It protects you from fire.
 o - a +0 dagger of venom
Missiles
 d - 260 stones (quivered)
 k - 15 silver sling bullets
 u - 17 sling bullets of flame
 y - 100 sling bullets
 S - 9 curare-tipped needles
 W - 13 javelins
Armour
 H - a +0 shield
 R - a +0 cloak of magic resistance (worn)
Jewellery
 g - a +6 ring of strength (left hand)
 w - an uncursed ring of stealth
 J - an uncursed ring of ice
 V - a +6 ring of strength (right hand)
Magical devices
 h - a wand of disintegration (12)
 x - a wand of draining (6)
 L - a wand of frost (48)
 M - a wand of polymorph (12)
 N - a wand of confusion (34)
 Q - a wand of digging (17)
 T - a wand of disintegration (6)
Scrolls
 e - a scroll of teleportation
 f - 2 scrolls of recharging
 m - 2 scrolls of identify
 n - 3 scrolls of amnesia
 q - 2 scrolls of enchant weapon
 r - a scroll of magic mapping
 A - 5 scrolls of remove curse
 F - 2 scrolls of fog
 G - 2 scrolls of brand weapon
 O - 2 scrolls of enchant armour
Potions
 j - a potion of cancellation
 l - 2 potions of lignification
 t - 2 potions of might
 v - a potion of invisibility
 I - 2 potions of flight
 K - a potion of brilliance
 U - a potion of agility {unknown}
Books
 s - a book of Battle

   Spells                             Type                      Level
   a - Infusion                       Charms                       1
   b - Shroud of Golubria             Charms/Translocation         2
   c - Song of Slaying                Charms                       2
   d - Spectral Weapon                Hexes/Charms                 3
   e - Regeneration                   Charms/Necromancy            3
 z - a book of the Earth

   Spells                             Type                      Level
   a - Leda's Liquefaction            Hexes/Earth                  4
   b - Bolt of Magma                  Conjuration/Fire/Earth       5
   c - Statue Form                    Transmutation/Earth          6
   d - Iron Shot                      Conjuration/Earth            6
   e - Shatter                        Earth                        9
 C - Sif Muna's Disquisition on Icy Earth
   (You found it on level 4 of the Dungeon)

   Spells                             Type                      Level
   a - Sandblast                      Earth                        1
   b - Freeze                         Ice                          1
   c - Ozocubu's Armour               Charms/Ice                   3
   d - Petrify                        Transmutation/Earth          4
   e - Lee's Rapid Deconstruction     Earth                        5
   f - Iron Shot                      Conjuration/Earth            6
 D - a book of Hinderance

   Spells                             Type                      Level
   a - Confusing Touch                Hexes                        2
   b - Confuse                        Hexes                        3
   c - Gell's Gravitas                Hexes/Translocation          3
   d - Petrify                        Transmutation/Earth          4
   e - Metabolic Englaciation         Hexes/Ice                    5
Comestibles
 c - 8 bread rations
 i - 4 meat rations
 p - 2 slices of pizza
 B - 6 fruits
 E - 7 beef jerkies
 X - 6 chunks of flesh


   Skills:
 - Level 10.1 Fighting
 + Level 9.9 Long Blades
 * Level 12.1(12.2) Slings
 - Level 2.0(8.1) Throwing
 - Level 8.1 Dodging
 * Level 4.2 Shields
 - Level 2.0 Spellcasting
 - Level 2.6 Charms


You had 14 spell levels left.
You knew the following spells:

 Your Spells              Type           Power        Failure   Level  Hunger
a - Infusion              Chrm           ##....       19%         1    ##.....


Dungeon Overview and Level Annotations

Branches:
Dungeon (11/15)            Temple (1/1) D:7            Lair (4/8) D:11
  Swamp: Lair:3-6    Shoals: Lair:3-6     Snake: Lair:3-6    Spider: Lair:3-6
    Orc: D:9-12

Altars:
Ashenzari
Cheibriados
Elyvilon
Fedhas
Gozag
Kikubaaqudgha
Nemelex Xobeh
Okawaru
Vehumet
Xom
The Shining One

Shops:
D:10 ?

Annotations:
D:3 namelastname112's ghost, average DrSk
Lair:4 Snorg


Innate Abilities, Weirdness & Mutations

You can spit globs of burning liquid.
You can ignite nearby creatures when you spit burning liquid.
Your weird mottled scales are hard (AC +8).
Your body does not fit into most forms of armour.
You are cold-blooded and may be slowed by cold attacks.
You have large cloven feet.
You are frail (-10% HP).
Your spells are a little harder to cast, but a little more powerful.


Message History

Your wolf's corpse dissolves into shadows!
Your wolf bites Snorg.
Snorg rages.
You see here a hippogriff corpse.
Snorg is struck by your porcupine's spines.
Snorg bites your porcupine! Snorg claws your porcupine!
Your porcupine dies!
Your porcupine's corpse dissolves into shadows!
Your elephant tramples Snorg.
Snorg holds his ground!
Your elephant trunk-slaps Snorg.
Your wolf bites Snorg.
Read which item? (? for menu, Esc to quit)
Okay, then.
Your wolf closely misses Snorg.
Drink which item? (? for menu, Esc to quit)
Okay, then.
Snorg barely misses you. Snorg closely misses you.
Snorg claws you but does no damage. Snorg closely misses you. Snorg claws you!
You die...

.#.....##......P.....Y((
.......##.......#....Yh# #
.#.....##......##.....(+ .#
.......#.......####..hY# ..#
..#..####......†#.###h##...##
...####..............Y.......
...................Y.........
.............................
................@T...........
..#P.P.#........P#.#.........
.P####.###........##.#.......
.## ..##...........#......#
.. .##......#..........#. .P
.#.................# .#
#......P#...# ....# .#
#...... ..##


You could see Snorg (berserk), 3 friendly elephants and a friendly wolf.

Vanquished Creatures
  3 hydras
  Urug (Lair:4)
  Sonja (D:11)
  Nergalle (D:11)
  2 hill giants (D:11)
  A cyclops (D:11)
  A centaur zombie (D:11)
  7 elephants (Lair:3)
  A black mamba (Lair:3)
  6 spiny frogs
  The ghost of mrath the Covert, an experienced OpAs (D:5)
  A fire drake (Lair:3)
  A komodo dragon (Lair:3)
  A two-headed ogre (D:8)
  A deep elf mage (D:9)
  A steam dragon (Lair:3)
  7 wolves
  6 yaks (Lair:1)
  Grum (D:11)
  8 hippogriffs
  3 hungry ghosts
  A mottled dragon (D:11)
  4 water moccasins
  2 ice beasts
  5 porcupines (Lair:1)
  4 sky beasts
  6 orc warriors
  3 black bears
  10 centaurs
  2 phantoms (D:7)
  4 ogres
  7 crocodiles
  13 giant frogs
  4 scorpions
  5 crimson imps
  6 hounds
  A giant frog skeleton (D:8)
  8 orc priests
  A gnoll shaman (D:11)
  2 jellies
  A hell rat (D:8)
  7 iguanas
  Natasha (twice) (D:3)
  12 orc wizards
  5 worker ants
  14 sheep
  A hound skeleton (D:8)
  8 gnolls
  45 river rats
  10 adders
  3 shadow imps
  An adder zombie (D:8)
  An adder skeleton (D:7)
  A worm (D:4)
  5 giant geckos
  48 orcs
  4 ball pythons
  18 goblins
  11 hobgoblins
  8 jackals
  7 quokkas
  16 bats
  6 giant cockroaches
  6 giant newts
  18 kobolds
  A quokka skeleton (D:9)
  42 rats
  A fungus (Lair:2)
445 creatures vanquished.

Vanquished Creatures (others)
  2 fungi (Lair:3)
  2 plants (Lair:3)
4 creatures vanquished.

Grand Total: 449 creatures vanquished

Notes
Turn   | Place    | Note
--------------------------------------------------------------
     0 | D:1      | namelastname112 the Draconian Skald began the quest for the Orb.
     0 | D:1      | Reached XP level 1. HP: 17/17 MP: 3/3
   226 | D:1      | Reached XP level 2. HP: 22/25 MP: 5/5
   232 | D:1      | Reached skill level 1 in Throwing
   775 | D:2      | Reached XP level 3. HP: 28/30 MP: 6/6
  1188 | D:2      | Found an opulent altar of Gozag.
  1247 | D:2      | Reached skill level 3 in Fighting
  1715 | D:2      | Reached XP level 4. HP: 38/38 MP: 7/7
  2133 | D:3      | Reached skill level 1 in Slings
  2315 | D:3      | Noticed Natasha
  2322 | D:3      | Killed Natasha
  2322 | D:3      | Reached XP level 5. HP: 45/45 MP: 8/8
  2340 | D:3      | Noticed Natasha
  2350 | D:3      | Killed Natasha
  2390 | D:3      | Noticed namelastname112's ghost (average DrSk)
  3369 | D:4      | Identified Sif Muna's Disquisition on Icy Earth
  3477 | D:5      | Entered Level 5 of the Dungeon
  3503 | D:5      | Reached XP level 6. HP: 39/52 MP: 9/9
  3511 | D:5      | Noticed a sky beast
  3536 | D:5      | Killed a sky beast
  3536 | D:5      | Reached skill level 4 in Fighting
  3866 | D:5      | Your scales start taking on a weird mottled colour.
  3866 | D:5      | Reached XP level 7. HP: 52/60 MP: 10/10
  3931 | D:5      | Noticed an ogre
  3940 | D:5      | Killed an ogre
  4032 | D:5      | Noticed mrath's ghost (experienced OpAs)
  4054 | D:5      | Killed mrath's ghost
  4054 | D:5      | Reached skill level 5 in Fighting
  4054 | D:5      | Reached XP level 8. HP: 56/68 MP: 11/11
  4607 | D:6      | Reached skill level 5 in Slings
  4627 | D:6      | Found a sparkling altar of Nemelex Xobeh.
  4891 | D:6      | Reached skill level 5 in Long Blades
  5846 | D:7      | Found a staircase to the Ecumenical Temple.
  5874 | Temple   | Entered the Ecumenical Temple
  5886 | Temple   | Became a worshipper of Warmaster Okawaru
  5901 | Temple   | Identified a scroll of acquirement
  5902 | Temple   | Got a crystal hunting sling
  5903 | Temple   | Identified the +1 hunting sling of Wyrd {venom, rF+ Int-3 Dex+4} (You acquired it in the Ecumenical Temple)
  6130 | D:7      | Reached skill level 6 in Fighting
  6293 | D:7      | Reached XP level 9. HP: 75/77 MP: 12/12
  6740 | D:8      | Acquired Okawaru's first power
  6921 | D:8      | Reached skill level 5 in Dodging
  6960 | D:8      | Reached skill level 7 in Slings
  7808 | D:9      | Found a glowing golden altar of the Shining One.
  8006 | D:9      | Reached skill level 8 in Slings
  8127 | D:9      | Reached XP level 10. HP: 72/86 MP: 13/13
  8462 | D:10     | Entered Level 10 of the Dungeon
  8541 | D:10     | Found Aleik's Magic Scroll Emporium.
  9104 | D:10     | Found a shattered altar of Ashenzari.
  9227 | D:11     | Noticed a hill giant
  9263 | D:11     | Killed a hill giant
  9538 | D:11     | Noticed Grum
 10018 | D:11     | Reached skill level 9 in Slings
 10359 | D:11     | Noticed a hill giant
 10375 | D:11     | Killed a hill giant
 10459 | D:11     | Noticed a cyclops
 10470 | D:11     | Killed a cyclops
 10470 | D:11     | Received a gift from Okawaru
 10733 | D:11     | Noticed Nergalle
 10805 | D:11     | Killed Nergalle
 11415 | D:11     | Reached XP level 11. HP: 95/95 MP: 14/14
 11600 | D:11     | Acquired Okawaru's second power
 11605 | D:11     | Killed Grum
 11984 | D:11     | Noticed Sonja
 12008 | D:11     | Killed Sonja
 12008 | D:11     | Reached skill level 10 in Slings
 12037 | D:11     | HP: 7/145 [poisoned by Sonja]
 12043 | D:11     | HP: 4/145 [poisoned by Sonja]
 12049 | D:11     | HP: 3/145 [poisoned by Sonja]
 12057 | D:11     | HP: 3/145 [poisoned by Sonja]
 12065 | D:11     | HP: 2/97 [poisoned by Sonja]
 12944 | D:11     | Found a staircase to the Lair.
 12952 | Lair:1   | Entered Level 1 of the Lair of Beasts
 14066 | Lair:1   | Received a gift from Okawaru
 15221 | Lair:2   | Noticed a five-headed hydra
 15238 | Lair:2   | Killed a five-headed hydra
 15238 | Lair:2   | Reached skill level 11 in Slings
 15683 | Lair:2   | Noticed a fire dragon
 15696 | Lair:2   | Gained mutation: Your spells are a little harder to cast, but a little more powerful. [potion of mutation]
 15696 | Lair:2   | Gained mutation: You are frail (-10% HP). [potion of mutation]
 15696 | Lair:2   | Gained mutation: You have large cloven feet. [potion of mutation]
 16068 | Lair:3   | Received a gift from Okawaru
 16080 | Lair:3   | Reached skill level 10 in Fighting
 16080 | Lair:3   | Reached XP level 12. HP: 50/95 MP: 15/15
 16590 | Lair:3   | Noticed a seven-headed hydra
 16638 | Lair:3   | Killed a seven-headed hydra
 17442 | Lair:3   | Noticed an eight-headed hydra
 17459 | Lair:3   | Killed an eight-headed hydra
 17459 | Lair:3   | Received a gift from Okawaru
 17459 | Lair:3   | Reached skill level 1 in Shields
 18357 | Lair:4   | Reached skill level 12 in Slings
 18458 | Lair:4   | Noticed Urug
 18470 | Lair:4   | Killed Urug
 18568 | Lair:4   | Noticed Snorg
 18581 | Lair:4   | HP: 1/95 [Snorg (6)]
 18589 | Lair:4   | Slain by Snorg

Vault maps used:
D:1:      dpeg_arrival_morbid_curiosity, patterned_corridor
D:2:      first_bread, grunt_gozag_statues
D:3:      grunt_decor_one_mirror, roderic_batcave, uniq_natasha
D:4:      minmay_misc_feat_roman
D:6:      lemuel_round_altar
D:7:      minmay_temple_entry_mist, grunt_ogre_cave
D:8:      lemuel_ratsnest
D:9:      basic_altar
D:10:     serial_shops, shop, grunt_ashenzari_visionary
D:11:     lair_0_dummy, uniq_sonja, uniq_nergalle, uniq_grum
Temple:   grunt_circular_temple_18
Lair:2:   dragon1_lemuel
Lair:4:   beast_lair_carwin_5, uniq_urug, uniq_rupert, uniq_snorg

Action                   |  1- 3 |  4- 6 |  7- 9 | 10-12 || total
-------------------------+-------+-------+-------+-------++-------
Melee: Falchion          |   141 |    48 |       |       ||   189
       Short sword       |       |    52 |   166 |   109 ||   327
       Hunting sling     |       |       |       |     4 ||     4
       Great sword       |       |       |       |    68 ||    68
 Fire: Hunting sling     |       |   145 |   517 |   822 ||  1484
       Blowgun           |       |       |     5 |       ||     5
       Greatsling        |       |       |       |    16 ||    16
 Abil: Breathe Sticky Fl |       |       |     1 |    10 ||    11
  Use: Scroll            |       |       |    18 |    15 ||    33
       Potion            |       |       |       |    10 ||    10
 Stab: Sleeping          |     1 |       |       |       ||     1
  Eat: Chunk             |     2 |     2 |    13 |    10 ||    27
       Meat ration       |       |     1 |       |     2 ||     3
       Beef jerky        |       |       |       |     3 ||     3
       Pizza             |       |       |       |     3 ||     3
       Bread ration      |       |       |       |     1 ||     1
       Fruit             |       |       |       |     3 ||     3
